 Dungeon Crawl Stone Soup version 0.30.1-9-gdf580d7c3d (webtiles) character file.

Game seed: 16116094168585203244

70 growler the Gusty (level 4, -3/24 HPs)
             Began as a Tengu Air Elementalist on Oct 6, 2023.
             Slain by a gnoll
             ... wielding a +0 halberd
              (8 damage)
             ... on level 3 of the Dungeon.
             The game lasted 00:03:33 (2522 turns).

growler the Gusty (Tengu Air Elementalist)          Turns: 2522, Time: 00:03:34

Health: -3/24      AC:  2    Str:  8    XL:     4   Next: 22%
Magic:  9/9        EV: 12    Int: 17    God:
Gold:   93         SH:  0    Dex: 15    Spells: 2/8 levels left

rFire   . . .        (no weapon)
rCold   . . .        (no shield)
rNeg    . . .        a - +0 robe
rPois   .            (helmet restricted)
rElec   .            (no cloak)
rCorr   .            (no gloves)
SInv    .            (boots unavailable)
Will    .....        (no amulet)
Stlth   ++           (no ring)
HPRegen 0.24/turn    (no ring)
MPRegen 0.11/turn

%: no passive effects
@: no status effects
A: beak, talons 3
a: no special abilities


You were on level 3 of the Dungeon.
You visited 1 branch of the dungeon, and saw 3 of its levels.

You collected 93 gold pieces.

Inventory:

Armour
 a - a +0 robe (worn)
Jewellery
 g - a ring of poison resistance
 j - a ring of see invisible
Scrolls
 c - a scroll of amnesia {unknown}
 d - 3 scrolls of identify {unknown}
 e - a scroll of blinking {unknown}
 f - a scroll of fear {unknown}
 i - 2 scrolls of teleportation {unknown}
 o - a scroll of vulnerability {unknown}
Potions
 b - 2 potions of magic
 h - a potion of heal wounds {unknown}
 k - a potion of attraction {unknown}
 l - a potion of brilliance {unknown}
 m - a potion of haste {unknown}
 n - a potion of curing


   Skills:
 - Level 2.1 Dodging
 - Level 2.0 Stealth
 + Level 2.8 Spellcasting
 + Level 3.1 Conjurations
 + Level 5.0 Air Magic


You had 2 spell levels left.
You knew the following spells:

 Your Spells              Type           Power      Damage    Failure   Level
a - Shock                 Conj/Air       64%        1d7       3%          1
b - Static Discharge      Conj/Air       32%        2-4/arc   4%          2
c - Swiftness             Air            19%        N/A       7%          3

Your spell library contained the following spells:

 Spells                   Type           Power      Damage    Failure   Level
 Airstrike                Air            9%         2d(2-18)  22%         4


Dungeon Overview and Level Annotations

Branches:
Dungeon (3/15)

Altars:

Shops:
D:2 [


Innate Abilities, Weirdness & Mutations

You have a beak for a mouth.
You have claws for feet.


Message History

The gnoll is moderately wounded.
The gnoll is struck by an arc of lightning.
The gnoll shouts!
The gnoll is moderately wounded.
The gnoll is struck by an arc of lightning.
The gnoll is severely wounded.
The lightning grounds out.
You hear a shout!
You hear an angry growl.
The gnoll closely misses you. The gnoll hits you with a +0 whip.
A goblin comes into view. It is wielding a +0 club.
The gnoll attacks as you move away! The gnoll barely misses you.
The gnoll attacks as you move away! The gnoll hits you with a +0 whip.
You see here a +0 halberd.
The gnoll attacks as you move away! The gnoll barely misses you.
There is a stone staircase leading up here.
The gnoll hits you with a +0 whip.
* * * LOW HITPOINT WARNING * * *
You climb upwards.
There is a stone staircase leading down here.
Casting: Static Discharge (safe; 5% risk of failure)
Confirm with . or Enter, or press ? or * to list all spells.
The gnoll is struck by an arc of lightning.
You kill the gnoll!
You are struck by an arc of lightning.
* * * LOW HITPOINT WARNING * * *
Your Air Magic skill increases to level 5!
Unknown command.
You start resting.
Magic restored.
You start resting.
HP restored.
You start waiting.
Done waiting.
You climb downwards.
The gnoll hits you from afar with a +0 halberd! x2
* * * LOW HITPOINT WARNING * * *
There is a stone staircase leading up, spattered with blood here.
Unknown command.
The gnoll hits you from afar with a +0 halberd!
You die...

.# .# ##.# #
...#.#
##..#.#
#.....#
#.....#
####.@...#
#.gg.....#
#w######.#
#.........#
..
####....#..#
.# .w....#
.. #
#$.......
..!...##..
...(..?# ##.


You could see a worm, a gnoll and a goblin.

Vanquished Creatures
  3 gnolls
  2 adders (D:2)
  6 bats
  2 endoplasms (D:2)
  3 hobgoblins
  3 jackals (D:2)
  2 kobolds (D:2)
  3 goblins
  2 rats
26 creatures vanquished.

Notes
Turn   | Place    | Note
-------+----------+-------------------------------------------
     0 | D:1      | growler the Tengu Air Elementalist began the quest for the
                  | Orb.
     0 | D:1      | Reached XP level 1. HP: 10/10 MP: 4/4
   151 | D:1      | Found a faded altar of an unknown god.
   751 | D:2      | Reached XP level 2. HP: 12/15 MP: 1/6
   754 | D:2      | Learned a level 2 spell: Static Discharge
   953 | D:2      | Found Roloedaf's Armour Shoppe.
  1140 | D:2      | Reached XP level 3. HP: 14/19 MP: 0/7
  1144 | D:2      | Learned a level 3 spell: Swiftness
  2274 | D:3      | Reached XP level 4. HP: 20/24 MP: 3/9
  2335 | D:2      | Reached skill level 5 in Air Magic
  2522 | D:3      | Slain by a gnoll

Illustrated notes

Levels and vault maps discovered:
D:1:      mainiacjoe_arrival_reflecting_pool, layout_loops_ring,
          shapermc_ecumenical_altar_totnotflames
D:2:      layout_basic, serial_shops, shop
D:3:      layout_rooms, guppyfry_early_orc_mine, uniq_ijyb

Skill      XL: |  1  2  3  4 |
---------------+-------------+-----
Conjurations   | 2 3 |  3.1
Air Magic      | 5 |  5.0
Dodging        | |  2.1
Stealth        | |  2.0
Spellcasting   | |  2.8

Action                     |  1- 3 |  4- 6 || total
---------------------------+-------+-------++-------
  Melee: Unarmed           |     8 |       ||     8
         Peck              |     1 |       ||     1
   Cast: Shock             |    47 |       ||    47
         Static Discharge  |     6 |     2 ||     8
    Use: Potion            |     2 |       ||     2
   Stab: Sleeping          |     1 |       ||     1
 Armour: Robe              |     3 |       ||     3
  Dodge: Dodged            |    17 |     3 ||    20
